 Dungeon Crawl Stone Soup version 0.19.0-18-g426998a (webtiles) character file.

62166 Leszczynek the Severer (level 15, -5/92 HPs)
             Began as a Tengu Arcane Marksman on Nov 12, 2016.
             Was a High Priest of Qazlal.
             Slain by a phantasmal warrior (22 damage)
             ... led by a death knight
             ... on level 13 of the Dungeon.
             The game lasted 01:27:33 (27227 turns).

Leszczynek the Severer (Tengu Arcane Marksman)     Turns: 27227, Time: 01:27:34

Health: -5/92      AC: 16    Str: 21    XL:     15   Next: 5%
Magic:  22/22      EV: 17    Int: 18    God:    Qazlal [*****.]
Gold:   313        SH: 10    Dex: 14    Spells: 4 memorised, 11 levels left

rFire  + . .     SeeInvis .     a - +1 lajatang (vamp)
rCold  . . .     Gourm    .     O - +6 scale mail of the Forgotten Seas {MR+ Str+2 Int+3}
rNeg   . . .     Faith    .     (shield currently unavailable)
rPois  .         Spirit   .     (helmet restricted)
rElec  .         Reflect  +     j - +1 cloak
rCorr  .         Harm     .     (no gloves)
MR     +....                    (boots unavailable)
Stlth  +.........               e - +3 amulet of reflection
                                z - +3 ring of slaying
                                W - ring "Ammix" {rF+ Str+3 Stlth+}

@: vulnerable, flying quickly and evasively, studying Armour, repel missiles,
quick
A: beak, talons 3, able to fly 2
a: Stop Flying, Upheaval, Elemental Force, Disaster Area, Renounce Religion


You were on level 13 of the Dungeon.
You worshipped Qazlal.
Qazlal was extremely pleased with you.
You were not hungry.

You visited 3 branches of the dungeon, and saw 21 of its levels.
You also visited: Bailey and Volcano.

You collected 2120 gold pieces.
You spent 1807 gold pieces at shops.

Inventory:

Hand Weapons
 a - a +1 vampiric lajatang (weapon)
 u - a +4 executioner's axe of freezing
 Y - a +3 battleaxe of protection
Missiles
 l - 2 throwing nets (quivered)
Armour
 j - a +1 cloak (worn)
 O - the +6 scale mail of the Forgotten Seas (worn) {MR+ Str+2 Int+3}
   (You found it on level 7 of the Dungeon)

   It affects your strength (+2).
   It affects your intelligence (+3).
   It affects your resistance to hostile enchantments.
Jewellery
 e - a +3 amulet of reflection (around neck)
 r - an uncursed ring of resist corrosion
 s - a cursed amulet of inaccuracy {unknown}
 w - an uncursed ring of poison resistance
 z - a +3 ring of slaying (right hand)
 F - an uncursed ring of positive energy
 J - an uncursed ring of see invisible
 K - an uncursed amulet of rage
 Q - an uncursed ring of ice
 W - the ring "Ammix" (left hand) {rF+ Str+3 Stlth+}
   (You found it on level 6 of the Lair of Beasts)

   [ring of protection from fire]

   It affects your strength (+3).
   It protects you from fire.
   It makes you more stealthy.
Wands
 c - a wand of teleportation (1/9)
 k - a wand of acid (7/15)
 q - a wand of paralysis (19/24)
 t - a wand of acid (1/15)
 D - a wand of disintegration (15/24)
 H - a wand of iceblast (6/15)
 I - a wand of hasting (8/9)
 M - a wand of acid (8/15)
 N - a wand of confusion (11/48)
 S - a wand of enslavement (7/24)
 V - a wand of acid (9/15)
Scrolls
 h - 6 scrolls of fear
 p - 2 scrolls of holy word
 v - 5 scrolls of teleportation
 A - 7 scrolls of remove curse
 L - 3 scrolls of magic mapping
 R - 2 scrolls of recharging
Potions
 b - a potion of haste
 g - 4 potions of magic
 i - 5 potions of curing
 m - 3 potions of ambrosia
 B - a potion of heal wounds
 E - a potion of lignification
 G - a potion of resistance
 P - 6 potions of agility
 T - a potion of brilliance
 U - 2 potions of cancellation
 Z - a potion of might
Books
 n - a manual of Armour
Miscellaneous
 y - a lamp of fire
 X - 2 boxes of beasts
Comestibles
 d - 17 bread rations
 f - a chunk of flesh
 o - 3 royal jellies
 x - 12 meat rations
 C - 7 fruits


   Skills:
 + Level 9.7 Fighting
 - Level 15.7(16.8) Axes
   Level 10.9(15.9) Maces & Flails
 + Level 11.6(13.2) Staves
   Level 2.5 Bows
 * Level 6.4 Armour
 - Level 8.0 Dodging
 - Level 1.0 Spellcasting
 - Level 2.1 Hexes
 - Level 8.6 Invocations


You had 11 spell levels left.
You knew the following spells:

 Your Spells              Type           Power        Failure   Level  Hunger
a - Corona                Hex            #......      24%         1    ##.....
b - Animate Skeleton      Necr           N/A          56%         1    ##.....
c - Apportation           Tloc           #.........   56%         1    ##.....
d - Passwall              Tmut/Erth      #.........   80%         2    ###....


Dungeon Overview and Level Annotations

Branches:
Dungeon (13/15)            Temple (0/1) D:5            Lair (6/6) D:8
  Swamp (0/4) Lair:3        Snake (0/4) Lair:2          Orc (2/2) D:10
    Elf (0/3) Orc:2
  Slime: Lair:5-6    Vaults: D:13-14

Altars:
Dithmenos
Qazlal
Vehumet
Yredelemnul
Beogh

Shops:
D:4 =   D:6 *   Orc:1 *   Orc:2 *

Portals:
Trove: D:11 (give 19 scrolls of identify)

Annotations:
D:3 gnolls, 2 throwing nets
D:4 yiuf
D:8 Frank's ghost, novice GrGl
D:11 2 iron trolls
Lair:1 Gastronok
Lair:5 slime?, exclusion: oklob plant
Orc:2 right next to stairs!, Saint Roka


Innate Abilities, Weirdness & Mutations

You have a beak for a mouth.
You have claws for feet.
You can fly continuously.


Message History

You barely miss the phantasmal warrior.
You peck the phantasmal warrior, but do no damage.
The phantasmal warrior is severely damaged.
The phantasmal warrior hits you!!
* * * LOW HITPOINT WARNING * * *
Your magical defenses are stripped away!
A freezing wraith comes into view.
You hit the phantasmal warrior. You claw the phantasmal warrior.
Your peck misses the phantasmal warrior.
The phantasmal warrior is almost destroyed.
You barely miss the phantasmal warrior.
Your kick misses the phantasmal warrior.
The phantasmal warrior is almost destroyed.
You feel sick.
You are no longer poisoned.
The phantasmal warrior misses you.
You barely miss the phantasmal warrior. You claw the phantasmal warrior.
The phantasmal warrior is almost destroyed.
The phantasmal warrior hits you!!
You die...

.## #.# #..... .. #.## #.....
#.## #..# #..... #..#######.##
#...>. #<#...# #..# ####.#
#(#...# ##.# #######.# ###)(.)#
#.## #.......# ...)...#
#..###########.......#
.......######...@W..p.WW......§.#
...............################†#
.......#######.# #)# ...)...# #)#
#.# ...(...# #.# #.. ##.#####
#.### #.. #...### #)..# #..
###...#########.# #..
###..).....##.# #..


You could see a death knight, a phantasmal warrior and 2 freezing wraiths.

Vanquished Creatures
  Fannar (Lair:2)
  A hydra (Lair:1)
  A merfolk avatar (Lair:6)
  A centaur warrior (D:12)
  Urug (D:11)
  2 iron trolls (D:11)
  2 sea snakes (Lair:6)
  An unseen horror (D:13)
  2 harpies (Lair:6)
  6 hill giants
  2 orc knights (Orc:1)
  A manticore (Lair:6)
  An ugly thing (D:13)
  A cyclops (D:12)
  3 black mambas
  3 centaur zombies
  10 elephants
  14 spiny frogs
  A torpor snail (Lair:5)
  Maurice (Orc:2)
  2 centaur skeletons (D:11)
  11 rime drakes
  8 komodo dragons
  A redback zombie (D:13)
  13 trolls
  A queen bee (D:9)
  2 polar bears (Lair:6)
  A two-headed ogre (Orc:2)
  Prince Ribbit (D:8)
  2 hornets (Lair:6)
  A blink frog (shapeshifter) (D:13)
  4 blink frogs (Lair:5)
  5 hippogriffs
  A water elemental (D:11)
  25 yaks
  A shadow (D:12)
  8 wyverns
  A steam dragon (D:9)
  Eustachio (D:5)
  A basilisk (Lair:6)
  5 vampire mosquitoes
  2 hungry ghosts
  5 swamp worms (Lair:3)
  3 wargs
  19 water moccasins
  7 porcupines
  24 orc warriors
  7 ice beasts
  6 black bears
  A necrophage (D:11)
  3 sky beasts
  10 wolves
  14 ogres
  5 centaurs
  14 crocodiles
  A big kobold (D:8)
  Blork the orc (D:5)
  15 bullfrogs
  A water moccasin zombie (D:6)
  4 scorpions
  A water moccasin skeleton (D:6)
  2 wyvern skeletons
  19 killer bees
  26 wights
  7 electric eels
  A howler monkey (D:6)
  6 crimson imps
  A quasit (D:8)
  2 bullfrog zombies
  8 hounds
  8 jellies
  Crazy Yiuf (D:4)
  18 orc priests
  22 orc wizards
  Jessica (D:3)
  Terence (D:2)
  6 iguanas
  7 worker ants
  3 worker ant zombies
  5 gnolls
  6 river rats
  15 adders
  A shadow imp (D:7)
  2 oozes (D:5)
  An adder zombie (D:7)
  A worm (D:4)
  A dart slug (D:2)
  5 leopard geckos
  78 orcs
  16 bats
  10 giant cockroaches
  8 goblins
  6 hobgoblins
  4 quokkas
  8 frilled lizards
  7 kobolds
  18 rats
  29 fungi
  22 plants
675 creatures vanquished.

Vanquished Creatures (collateral kills)
  Snorg (Lair:4)
  7 hydras
  A komodo dragon (Lair:6)
  A water moccasin (Lair:6)
  A crocodile (Lair:6)
11 creatures vanquished.

Vanquished Creatures (others)
  Nessos (Lair:6)
  A cyclops (D:12)
  2 orc warriors (Bailey)
  2 centaurs
  3 orcs (D:11)
  14 fungi
  7 plants
30 creatures vanquished.

Grand Total: 716 creatures vanquished

Notes
Turn   | Place    | Note
-------+----------+-------------------------------------------
     0 | D:1      | Leszczynek the Tengu Arcane Marksman began the quest for the Orb.
     0 | D:1      | Reached XP level 1. HP: 12/12 MP: 3/3
   245 | D:1      | Reached skill level 2 in Fighting
   245 | D:1      | Reached XP level 2. HP: 17/17 MP: 4/4
   287 | D:1      | Learned a level 2 spell: Slow
  1264 | D:2      | Reached XP level 3. HP: 21/21 MP: 5/5
  1348 | D:2      | Noticed Terence
  1406 | D:1      | Reached skill level 1 in Maces & Flails
  1884 | D:2      | Reached skill level 2 in Maces & Flails
  2040 | D:2      | Reached XP level 4. HP: 13/26 MP: 4/6
  2263 | D:2      | Killed Terence
  2263 | D:2      | Reached skill level 3 in Maces & Flails
  2610 | D:3      | Noticed Jessica
  2622 | D:3      | Killed Jessica
  2622 | D:3      | Reached skill level 4 in Maces & Flails
  2622 | D:3      | Gained mutation: You can fly. [Tengu growth]
  2622 | D:3      | Reached XP level 5. HP: 28/30 MP: 7/7
  3259 | D:4      | You fall through a shaft for 2 floors!
  3263 | D:5      | Entered Level 5 of the Dungeon
  3271 | D:5      | Got a brightly glowing hand axe
  3278 | D:5      | Identified the cursed +1 hand axe "Keufasof" {chop, *Corrode rElec MR+} (You found it on level 5 of the Dungeon)
  3289 | D:5      | Noticed Blork the orc
  3692 | D:4      | Reached skill level 5 in Maces & Flails
  3859 | D:4      | Found Laobrist's Jewellery Shop.
  3868 | D:4      | Bought a +1 ring of protection for 33 gold pieces
  4036 | D:4      | Found a faded altar of an unknown god.
  4036 | D:4      | Found a faded altar of an unknown god.
  4041 | D:4      | Found a radiant altar of Vehumet.
  4043 | D:4      | Found a faded altar of an unknown god.
  4044 | D:4      | Found a faded altar of an unknown god.
  4128 | D:4      | Became a worshipper of Qazlal Stormbringer
  4128 | D:4      | Reached * piety under Qazlal
  4128 | D:4      | oh boy
  4250 | D:4      | Reached XP level 6. HP: 24/35 MP: 8/8
  4595 | D:5      | Killed Blork the orc
  4642 | D:5      | Reached skill level 6 in Maces & Flails
  4877 | D:5      | Reached XP level 7. HP: 40/40 MP: 9/9
  4885 | D:5      | Found a staircase to the Ecumenical Temple.
  4904 | D:5      | Reached skill level 7 in Maces & Flails
  5055 | D:5      | Noticed Eustachio
  5086 | D:5      | Killed Eustachio
  5086 | D:5      | Reached skill level 8 in Maces & Flails
  5629 | D:6      | Reached skill level 9 in Maces & Flails
  5629 | D:6      | Reached XP level 8. HP: 38/44 MP: 10/10
  6039 | D:6      | Found Tebb's General Store.
  6600 | D:6      | Reached skill level 3 in Fighting
  6600 | D:6      | Reached skill level 3 in Dodging
  6614 | D:6      | Reached skill level 10 in Maces & Flails
  6925 | D:6      | Found a basalt altar of Yredelemnul.
  7256 | D:7      | Got a pitted scale mail
  7267 | D:7      | Identified the +6 scale mail of the Forgotten Seas {MR+ Str+2 Int+3} (You found it on level 7 of the Dungeon)
  7267 | D:7      | okay
  7267 | D:7      | that puts off my death until 2-3 dungeon levels later
  7298 | D:7      | Reached skill level 4 in Dodging
  7410 | D:7      | Reached XP level 9. HP: 33/52 MP: 7/11
  7551 | D:7      | Reached ** piety under Qazlal
  7551 | D:7      | Reached skill level 4 in Fighting
  7846 | D:8      | Reached skill level 1 in Axes
  7903 | D:8      | Reached skill level 2 in Axes
  7903 | D:8      | Reached skill level 5 in Dodging
  8010 | D:8      | Reached skill level 3 in Axes
  8392 | D:4      | Found a runed door.
  8396 | D:4      | Noticed Crazy Yiuf
  8401 | D:4      | Killed Crazy Yiuf
  8981 | D:8      | Reached skill level 5 in Fighting
  8981 | D:8      | Reached skill level 4 in Axes
  9131 | D:8      | Reached skill level 6 in Dodging
  9423 | D:8      | Reached skill level 5 in Axes
  9430 | D:8      | Noticed Prince Ribbit
  9437 | D:8      | Killed Prince Ribbit
  9437 | D:8      | Reached XP level 10. HP: 60/60 MP: 12/12
  9483 | D:8      | Reached skill level 6 in Axes
  9583 | D:8      | Reached *** piety under Qazlal
  9592 | D:8      | Noticed Frank's ghost (novice GrGl)
  9610 | D:8      | Reached skill level 6 in Fighting
  9858 | D:8      | Found a staircase to the Lair.
  9946 | D:7      | Reached skill level 7 in Axes
 10491 | D:9      | Found a flagged portal.
 10527 | Bailey   | Entered a bailey
 10644 | Bailey   | Reached skill level 8 in Axes
 10682 | Bailey   | Noticed Flash162's ghost (novice MiGl)
 10727 | Bailey   | fuck player ghosts :/
 10727 | Bailey   | MiGl^Oka
 10727 | Bailey   | literally how
 11317 | D:9      | Reached skill level 9 in Axes
 11329 | D:9      | Reached **** piety under Qazlal
 11734 | D:9      | Reached skill level 10 in Axes
 12261 | D:10     | Entered Level 10 of the Dungeon
 12265 | D:10     | Noticed a hill giant
 12412 | D:9      | Killed a hill giant
 12412 | D:9      | Reached skill level 11 in Axes
 12412 | D:9      | Reached XP level 11. HP: 22/64 MP: 9/13
 13398 | D:10     | Noticed a hill giant
 13623 | D:10     | Noticed a hill giant
 13668 | D:9      | Reached skill level 12 in Axes
 14060 | D:10     | Killed a hill giant
 14167 | D:10     | Reached skill level 1 in Invocations
 14264 | D:10     | Learned a level 1 spell: Animate Skeleton
 14266 | D:10     | Learned a level 1 spell: Apportation
 14406 | D:10     | Killed a hill giant
 14459 | D:10     | Found a staircase to the Orcish Mines.
 14586 | D:11     | Noticed Urug
 14631 | D:11     | Killed Urug
 14631 | D:11     | Reached skill level 2 in Invocations
 14633 | D:11     | oh
 14633 | D:11     | didn't expect this
 15091 | D:11     | Reached ***** piety under Qazlal
 15095 | D:11     | Noticed an iron troll
 15107 | D:11     | ugh
 15107 | D:11     | this i can't fight for sure
 15107 | D:11     | i thought there are only deep trolls in this vault
 15173 | D:11     | Reached skill level 13 in Axes
 15174 | D:11     | Noticed a hill giant
 15186 | D:11     | Noticed a hill giant
 15557 | D:11     | Reached skill level 7 in Fighting
 15602 | D:10     | Killed a hill giant
 15602 | D:10     | Reached skill level 3 in Invocations
 15683 | D:11     | Found a portal to a secret trove of treasure.
 15687 | D:11     | trove: 19 ?ID
 15693 | D:11     | not very realistic
 15797 | D:11     | Reached XP level 12. HP: 70/72 MP: 15/15
 16045 | D:11     | Noticed an iron troll
 16093 | D:11     | Noticed a seven-headed hydra
 16255 | D:6      | Bought an uncursed ring of poison resistance for 300 gold pieces
 16255 | D:6      | Bought a scroll of fear for 52 gold pieces
 16255 | D:6      | Bought a potion of invisibility for 120 gold pieces
 16381 | Lair:1   | Entered Level 1 of the Lair of Beasts
 16410 | Lair:1   | Noticed a five-headed hydra
 16429 | Lair:1   | Noticed a six-headed hydra
 16433 | Lair:1   | Reached skill level 4 in Invocations
 16461 | Lair:1   | Killed a six-headed hydra
 16475 | Lair:1   | Noticed Gastronok
 16480 | Lair:1   | HP: 5/73 [Gastronok/the air (38)]
 16865 | D:8      | Killed a five-headed hydra
 16865 | D:8      | Reached skill level 14 in Axes
 16940 | Lair:1   | Reached skill level 8 in Fighting
 16959 | Lair:1   | jesus how do i deal with this fucking slug
 17415 | Lair:2   | Noticed Fannar
 17783 | Lair:1   | You fall through a shaft!
 17783 | Lair:2   | Found a staircase to the Snake Pit.
 17797 | Lair:2   | Reached skill level 5 in Invocations
 18113 | Lair:2   | Killed Fannar
 18113 | Lair:2   | Reached skill level 7 in Dodging
 18149 | Lair:2   | Learned a level 2 spell: Passwall
 18172 | Lair:2   | Reached skill level 15 in Axes
 18483 | Lair:2   | Reached XP level 13. HP: 78/78 MP: 18/18
 18608 | Lair:2   | Reached skill level 6 in Invocations
 19400 | Lair:3   | Identified a scroll of acquirement
 19403 | Lair:3   | okay, nice
 19534 | Lair:3   | Found a staircase to the Swamp.
 19545 | Lair:3   | Reached skill level 7 in Invocations
 19986 | Lair:4   | Reached skill level 8 in Dodging
 20207 | Lair:4   | Noticed Snorg
 20212 | Lair:4   | Killed Snorg
 20288 | Lair:4   | Found a dark tunnel.
 20293 | Volcano  | Entered a volcano
 20293 | Volcano  | Noticed zkyp's ghost (journeyman TrAr)
 20304 | Volcano  | HP: 1/78 [zkyp's ghost (20)]
 20306 | Lair:4   | ha ha oh wow
 20345 | Lair:4   | HP: 7/78 [hippogriff (3)]
 20516 | Lair:4   | at least this game is fun
 20516 | Lair:4   | though i'll likely lose it
 21519 | Lair:5   | Reached skill level 8 in Invocations
 22405 | Lair:5   | ooooohhhhhhh
 22405 | Lair:5   | damn!
 22564 | Lair:6   | Entered Level 6 of the Lair of Beasts
 22566 | Lair:6   | Noticed Nessos
 22613 | Lair:6   | avatar ending
 22631 | Lair:6   | Reached skill level 1 in Staves
 22650 | Lair:6   | Reached skill level 2 in Staves
 22687 | Lair:6   | Reached skill level 3 in Staves
 22708 | Lair:6   | Killed Nessos
 22708 | Lair:6   | Reached skill level 4 in Staves
 22791 | Lair:6   | Reached skill level 5 in Staves
 22912 | Lair:6   | Gained mutation: You can fly continuously. [Tengu growth]
 22912 | Lair:6   | Reached XP level 14. HP: 84/84 MP: 21/21
 23038 | Lair:6   | Reached skill level 6 in Staves
 23083 | Lair:6   | Got a smoking platinum ring
 23122 | Lair:6   | Reached skill level 7 in Staves
 23253 | Lair:6   | Reached skill level 8 in Staves
 23421 | Lair:6   | ha ha, so this is where nessos died
 23421 | Lair:6   | lol
 23421 | Lair:6   | teleported away and died to poison
 23423 | Lair:6   | Identified the ring "Ammix" {rF+ Str+3 Stlth+} (You found it on level 6 of the Lair of Beasts)
 23424 | Lair:6   | nice
 23621 | Lair:6   | Reached skill level 9 in Staves
 23834 | Lair:6   | ha ha
 23834 | Lair:6   | qazlal best defence against mesmerization
 24285 | Orc:1    | Entered Level 1 of the Orcish Mines
 24298 | Orc:1    | Reached skill level 10 in Staves
 24306 | Orc:1    | Reached skill level 1 in Armour
 24424 | Orc:1    | Found Aitunoc's Alliterative Accessories.
 24432 | Orc:1    | Bought a potion of ambrosia for 88 gold pieces
 24432 | Orc:1    | the A shop
 24432 | Orc:1    | manuals of armor and axes and an ?acq
 24432 | Orc:1    | noice
 24450 | Orc:2    | Entered Level 2 of the Orcish Mines
 24635 | Orc:2    | Noticed Maurice
 24712 | Orc:2    | Reached skill level 2 in Armour
 24714 | Orc:2    | Killed Maurice
 24717 | Orc:2    | Found a staircase to the Elven Halls.
 24994 | Orc:2    | Found a roughly hewn altar of Beogh.
 25000 | Orc:2    | Reached skill level 9 in Fighting
 25004 | Orc:2    | Found Ynkuli's General Store.
 25087 | Orc:2    | Noticed Saint Roka
 25105 | Orc:2    | fuck
 25138 | Orc:1    | i'm pretty sure there's no way i can handle saint roka now
 25145 | Orc:2    | and i really shouldn't try if i want to win
 25370 | D:11     | Reached skill level 3 in Armour
 25571 | Orc:1    | Bought a manual of Armour for 1214 gold pieces
 26061 | D:12     | Reached skill level 11 in Staves
 26065 | D:12     | Reached skill level 4 in Armour
 26363 | D:12     | Found a shadowy altar of Dithmenos.
 26698 | D:12     | Reached skill level 5 in Armour
 27025 | D:13     | Reached XP level 15. HP: 87/91 MP: 22/22
 27180 | D:13     | Reached skill level 6 in Armour
 27227 | D:13     | Slain by a phantasmal warrior

Skill      XL: |  1  2  3  4  5  6  7  8  9 10 11 12 13 14 15 |
---------------+----------------------------------------------+-----
Fighting       | 2 3 5 6 7 8 9 |  9.7
Maces & Flails | 2 4 5 6 9 10 | 10.9
Dodging        | 4 6 7 8 |  8.0
Axes           | 5 11 13 15 | 15.7
Invocations    | 3 5 8 |  8.6
Staves         | 5 11 | 11.6
Armour         | 5 6 |  6.4
Bows           | |  2.5
Spellcasting   | |  1.0
Hexes          | |  2.1

Action                   |  1- 3 |  4- 6 |  7- 9 | 10-12 | 13-15 || total
-------------------------+-------+-------+-------+-------+-------++-------
Melee: Short sword       |    78 |     3 |       |       |       ||    81
       Kick              |    21 |    24 |    99 |   228 |   322 ||   694
       Peck              |     8 |    18 |    76 |   161 |   212 ||   475
       Unarmed           |     2 |       |       |       |       ||     2
       Flail             |       |    81 |       |       |       ||    81
       Dire flail        |       |    14 |   393 |   559 |     1 ||   967
       Battleaxe         |       |       |       |   254 |   226 ||   480
       Lajatang          |       |       |       |       |   703 ||   703
       Whip              |       |       |       |       |    12 ||    12
 Fire: Shortbow          |    29 |       |       |    53 |    12 ||    94
Throw: Javelin           |       |       |       |     3 |       ||     3
 Cast: Corona            |     2 |       |     1 |       |       ||     3
       Slow              |     3 |       |       |       |       ||     3
Invok: Elemental Force   |       |       |       |     2 |     7 ||     9
 Abil: Fly               |       |     3 |    16 |    39 |    20 ||    78
Evoke: Wand              |       |       |     2 |    11 |     3 ||    16
  Use: Potion            |     1 |     4 |     3 |     3 |     3 ||    14
       Scroll            |       |     5 |    24 |    12 |     8 ||    49
 Stab: Confused          |       |       |       |     3 |       ||     3
       Invisible         |       |       |       |       |     1 ||     1
  Eat: Chunk             |     4 |     5 |    16 |    29 |    18 ||    72
       Beef jerky        |       |     1 |       |     1 |     2 ||     4
       Fruit             |       |     2 |       |     1 |     6 ||     9
       Royal jelly       |       |       |     1 |     2 |     4 ||     7
       Pizza             |       |       |       |     2 |     1 ||     3
Armor: Robe              |     4 |       |       |       |       ||     4
       Ring mail         |    35 |    24 |    30 |       |       ||    89
       Scale mail        |       |       |    80 |   202 |   210 ||   492
       Skin              |       |       |       |    19 |       ||    19
Dodge: Dodged            |    42 |    54 |   220 |   423 |   503 ||  1242
       Deflected         |       |       |       |    18 |    15 ||    33
Block: Other             |       |       |    24 |   285 |   301 ||   610
       Reflection        |       |       |       |    26 |    16 ||    42
